 Dungeon Crawl Stone Soup version 0.18-a0-1372-gd644665 (webtiles) character file.

86 Duffy the Insei (level 4, -3/23 HPs)
             Began as a Vine Stalker Monk on Feb 21, 2016.
             Slain by an orc
             ... wielding a +0 flail
              (4 damage)
             ... on level 3 of the Dungeon.
             The game lasted 00:01:56 (2208 turns).

Duffy the Insei (Vine Stalker Monk)                 Turns: 2208, Time: 00:01:56

Health: -3/23      AC:  6    Str: 13    XL:     4   Next: 49%
Magic:  0/5        EV: 11    Int: 10    God:
Gold:   150        SH:  0    Dex: 18    Spells: 0 memorised, 3 levels left

rFire  . . .     SeeInvis .       - Unarmed
rCold  . . .     Gourm    .     o - +0 ring mail
rNeg   . . .     Faith    .     (no shield)
rPois  .         Spirit   +     f - +0 helmet
rElec  .         Dismiss  .     (no cloak)
rCorr  .         Reflect  .     (no gloves)
SustAt .         Harm     .     (no boots)
MR     .....                    (no amulet)
Stlth  ++........               (no ring)
                                (no ring)

@: not resistant to hostile enchantments, unstealthy
A: fangs 2, regeneration 1, magic shield, antimagic bite, no device heal 3, rot
immunity
a: no special abilities


You were on level 3 of the Dungeon.
You were very hungry.

You visited 1 branch of the dungeon, and saw 3 of its levels.

You collected 150 gold pieces.


Innate Abilities, Weirdness & Mutations

You have extremely sharp teeth.
Your natural rate of healing is unusually fast.
When hurt, damage is shared between your health and your magic reserves.
Your bite disrupts and absorbs the magic of your enemies.
Potions and wands cannot restore your health.
You are immune to rotting.


   Skills:
 - Level 2.6 Fighting
 - Level 2.4 Dodging
 - Level 2.4 Stealth
 + Level 5.8 Unarmed Combat


You had 3 spell levels left.
You didn't know any spells.

Inventory:

Hand Weapons
 p - a +0 blowgun
Missiles
 g - 35 poisoned needles
Armour
 a - a +0 robe
 f - a +0 helmet (worn)
 o - a +0 ring mail (worn)
Wands
 t - a wand of iceblast (7/15)
Scrolls
 c - a scroll of magic mapping {unknown}
 d - 6 scrolls of identify {unknown}
 e - 2 scrolls of recharging {unknown}
 j - 2 scrolls of teleportation {unknown}
 l - a scroll of enchant weapon {unknown}
 q - a scroll of remove curse {unknown}
 r - a scroll of noise {unknown}
Potions
 h - a potion of agility {unknown}
 k - a potion of lignification {unknown}
 m - a potion of invisibility {unknown}
 n - a potion of degeneration {unknown}
 s - a potion of brilliance {unknown}
Comestibles
 b - 3 bread rations
 i - a meat ration

Dungeon Overview and Level Annotations

Branches:
Dungeon (3/15)

Altars:
Fedhas
Nemelex Xobeh
Vehumet


Message History

You are too injured to fight recklessly!
You are too injured to fight recklessly!
You are too injured to fight recklessly!
You are too injured to fight recklessly!
You are too injured to fight recklessly!
You are too injured to fight recklessly!
You are too injured to fight recklessly!
You are too injured to fight recklessly!
You are too injured to fight recklessly!
You are too injured to fight recklessly!
You are too injured to fight recklessly!
You are too injured to fight recklessly!
You are too injured to fight recklessly!
You are too injured to fight recklessly!
You are too injured to fight recklessly!
You are too injured to fight recklessly!
You are too injured to fight recklessly!
You are too injured to fight recklessly!
You are too injured to fight recklessly!
You are too injured to fight recklessly!
You are too injured to fight recklessly!
You are too injured to fight recklessly!
You are too injured to fight recklessly!
You are too injured to fight recklessly!
You are too injured to fight recklessly!
You are too injured to fight recklessly!
You are too injured to fight recklessly!
You are too injured to fight recklessly!
You hit the orc priest. Your punch misses the orc priest.
You bite the orc priest. You drain its power.
You feel invigorated.
The orc priest is severely wounded.
The orc hits you from afar with a trident.
The orc hits you with a dagger. The orc hits you with a short sword.
The orc priest barely misses you. The orc hits you with a flail.
You die...

########.####..#. .....
#.......#.. .....
#.........#
.....#########..........
<..........##.....##...
#.........##.....#####
#....o....###.####
#..Yoo....# #.#
#...o@....# #.#
#...o.....# .#
######....###.#
.............#.#
#######..(.#.#.#
##....#.#.## ###
#..........# #..
#.######...# #.# #.
#...# #.#


You could see an ice beast, an orc priest and 4 orcs.

Action                   |  1- 3 |  4- 6 || total
-------------------------+-------+-------++-------
Melee: Unarmed           |   102 |    50 ||   152
 Stab: Sleeping          |    11 |     3 ||    14
  Eat: Chunk             |     1 |     2 ||     3

Notes
Turn   | Place    | Note
--------------------------------------------------------------
     0 | D:1      | Duffy the Vine Stalker Monk began the quest for the Orb.
     0 | D:1      | Reached XP level 1. HP: 11/11 MP: 2/2
   120 | D:1      | Reached XP level 2. HP: 13/16 MP: 3/3
   597 | D:1      | Reached XP level 3. HP: 19/19 MP: 4/4
   731 | D:2      | Reached skill level 5 in Unarmed Combat
   768 | D:2      | Found a radiant altar of Vehumet.
   768 | D:2      | Found a blossoming altar of Fedhas.
   769 | D:2      | Found a sparkling altar of Nemelex Xobeh.
  1160 | D:2      | Reached XP level 4. HP: 19/23 MP: 5/5
  2202 | D:3      | Noticed an ice beast
  2208 | D:3      | Slain by an orc

Vault maps used:
D:1:      dpeg_arrival_lava_altar
D:2:      gammafunk_temple_overflow_claw, first_bread
D:3:      nicolae_overflow_crystal_walls, minmay_misc_feat_diagonals

Vanquished Creatures
  An adder
  An ooze
  2 worms
  A giant gecko
  An orc
  A ball python
  7 bats
  3 giant cockroaches
  11 goblins
  8 hobgoblins
  3 jackals
  7 kobolds
  5 giant newts
  7 rats
58 creatures vanquished.
